 Dungeon Crawl Stone Soup version 0.31-a0-7-g51783674b7 (webtiles) character file.

Game seed: 18217060761067711440

80 jasper the Chopper (level 4, 40/40 HPs)
             Began as a Minotaur Berserker on May 5, 2023.
             Was a Believer of Trog.
             Quit the game on level 2 of the Dungeon.
             The game lasted 00:03:42 (1982 turns).

jasper the Chopper (Minotaur Berserker)             Turns: 1982, Time: 00:03:43

Health: 40/40      AC:  4    Str: 23    XL:     4   Next: 18%
Magic:  3/3        EV: 12    Int:  4    God:    Trog [**....]
Gold:   67         SH:  0    Dex: 10    Spells: 3/3 levels left

rFire   . . .        a - +0 hand axe
rCold   . . .        (no shield)
rNeg    . . .        b - +0 animal skin
rPois   .            (helmet restricted)
rElec   .            (no cloak)
rCorr   .            d - +1 pair of gloves
SInv    .            (no boots)
Will    .....        (no amulet)
Stlth   +            (no ring)
HPRegen 0.26/turn    (no ring)
MPRegen 0.08/turn

%: no passive effects
@: no status effects
A: horns 2, retaliatory headbutt
a: Renounce Religion, Berserk, Trog's Hand


You were on level 2 of the Dungeon.
You worshipped Trog.
Trog was pleased with you.
You visited 1 branch of the dungeon, and saw 2 of its levels.

You collected 67 gold pieces.

Inventory:

Hand Weapons
 a - a +0 hand axe (weapon)
Missiles
 f - 4 javelins (quivered)
 h - 6 poisoned darts
Armour
 b - a +0 animal skin (worn)
 d - a +1 pair of gloves (worn)
Scrolls
 i - a scroll of identify {unknown}
Potions
 c - 3 potions of degeneration {unknown}
 e - a potion of attraction {unknown}
 g - a potion of lignification {unknown}
 j - 2 potions of mutation {unknown}
 k - a potion of brilliance {unknown}


   Skills:
 + Level 3.7 Fighting
 * Level 5.9 Axes
 + Level 2.7 Armour
 - Level 2.1 Dodging


You had 3 spell levels left.
You didn't know any spells.
Your spell library was empty.

Dungeon Overview and Level Annotations

Branches:
Dungeon (2/15)

Altars:
Okawaru


Innate Abilities, Weirdness & Mutations

You have a pair of horns on your head.
You reflexively headbutt those who attack you in melee.


Message History

You hit the worm.
The worm is moderately wounded.
The worm closely misses you.
You barely miss the worm.
The worm is moderately wounded.
You hit the worm.
The worm is moderately wounded.
The worm bites you!
You take 9 damage, and have 31/40 hp.
MASSIVE DAMAGE!!
You barely miss the worm. You headbutt the worm.
The worm is heavily wounded.
The worm bites you.
You take 3 damage, and have 28/40 hp.
You hit the worm but do no damage. You headbutt the worm!
You kill the worm!
Trog accepts your kill.
f - 4 javelins (gained 2)
You see here a +0 dagger.
You see here a +0 dagger.
You open the door.
There is an open door here.
There is an open door here.
You open the door.
There is an open door here.
Found a sling.
Health restored: 40 You open the door.
There is an open door here.
There is an open door here.
There is an open door here.
You see here 6 stones.
There is an open door here.
As you open the door, it creaks loudly!
There is an open door here.
You see here a +0 whip.
There is an open door here.
You open the door.
There is an open door here.
Done exploring.
Are you sure you want to abandon this character and quit the game? (Confirm with "yes".)

#.# ####### # #.# #...... #
########## ##.#### #.##### #
#........# #.....### #.# # #
#.######.###.###...####.#####
# #.# #........#
#...<.......## #
#.###.##.###.###.#.####.##.##
# #.#.#.##.###.....#.#
#...... #
#.....##.##.@...##.# ####.##
##........###.......# ##.##
#.......###
##.###########...# ##.....##
#.# #........# ##.>.## #.#
#.####...# ##.## ##'## #.#
##### #.# ##...## #.#
#####.#######.....## #.####
#.........##.......###.##.##


There were no monsters in sight!

Vanquished Creatures
  4 adders (D:2)
  2 worms (D:2)
  A dart slug (D:2)
  An endoplasm (D:1)
  A giant cockroach (D:1)
  4 goblins
  2 hobgoblins (D:2)
  3 jackals (D:2)
  4 kobolds (D:1)
  3 quokkas
  6 ball pythons
  4 bats
  2 rats
37 creatures vanquished.

Notes
Turn   | Place    | Note
-------+----------+-------------------------------------------
     0 | D:1      | jasper the Minotaur Berserker began the quest for the Orb.
     0 | D:1      | Reached XP level 1. HP: 19/19 MP: 0/0
   163 | D:1      | Reached skill level 4 in Axes
   259 | D:1      | Reached XP level 2. HP: 26/26 MP: 1/1
   969 | D:2      | Reached skill level 5 in Axes
   969 | D:2      | Reached XP level 3. HP: 31/31 MP: 2/2
  1211 | D:2      | Reached ** piety under Trog
  1485 | D:2      | Found an iron altar of Okawaru.
  1488 | D:2      | Reached XP level 4. HP: 40/40 MP: 3/3
  1982 | D:2      | Quit the game

Illustrated notes

Levels and vault maps discovered:
D:1:      minmay_arrival_jagged, layout_basic
D:2:      layout_loops_corners, basic_altar

Skill      XL: |  1  2 |
---------------+-------+-----
Axes           | 4 5 |  5.9
Fighting       | |  3.7
Armour         | |  2.7
Dodging        | |  2.1

Action                     |  1- 3 |  4- 6 || total
---------------------------+-------+-------++-------
  Melee: Hand axe          |    58 |    13 ||    71
         Headbutt          |     3 |     4 ||     7
  Throw: Stone             |    17 |       ||    17
         Javelin           |     2 |     3 ||     5
 Invoke: Berserk           |     1 |       ||     1
    Use: Scroll            |     3 |       ||     3
 Armour: Animal skin       |     9 |     3 ||    12
  Dodge: Dodged            |    39 |     7 ||    46

Table legend: (Time is in decaauts)
 A = Elapsed time spent in this place.
 B = Non-inter-level travel time spent in this place.
 C = Inter-level travel time spent in this place.
 D = Time resting spent in this place.
 E = Time spent auto-exploring this place.
 F = Levels seen in this place.
 G = Mean time per level.
                   A        B        C        D        E       F      G
               +--------+--------+--------+--------+--------+-----+--------+
         Total |   2000 |   1957 |     43 |     61 |   1603 |   2 | 1000.0 |
       Dungeon |   2000 |   1957 |     43 |     61 |   1603 |   2 | 1000.0 |
               +--------+--------+--------+--------+--------+-----+--------+

Top non-repeatable levels by time:
     D:2: 1033 daAuts
     D:1: 966 daAuts
